 Dungeon Crawl Stone Soup version 0.31-a0-210-gccc998df9b (webtiles) character file.

Game seed: 6153369522087547329

1193 qw the Skirmisher (level 8, 0/49 HPs)
             Began as a Gargoyle Hexslinger on June 29, 2023.
             Was an Initiate of Okawaru.
             Slain by a killer bee (5 damage)
             ... on level 5 of the Dungeon.
             The game lasted 00:01:40 (3596 turns).

qw the Skirmisher (Gargoyle Hexslinger)             Turns: 3596, Time: 00:01:40

Health: 0/49       AC: 12    Str: 11    XL:     8   Next: 43%
Magic:  7/9        EV: 13    Int: 15    God:    Okawaru [......]
Gold:   253        SH:  0    Dex: 14    Spells: 8/9 levels left

rFire   . . .        Y - +2 sling (drain)
rCold   . . .        (no shield)
rNeg    + . .        i - +0 ring mail
rPois   inf          (no helmet)
rElec   +            (no cloak)
rCorr   .            (no gloves)
SInv    .            (no boots)
Will    .....        (no amulet)
Stlth   ++           (no ring)
HPRegen 0.28/turn    (no ring)
MPRegen 0.11/turn

%: no passive effects
@: about to teleport, heroic
A: sickness immunity, AC +5, negative energy resistance 1, electricity
resistance, torment resistance 1, petrification resistance
a: Renounce Religion


You were on level 5 of the Dungeon.
You worshipped Okawaru.
Okawaru was noncommittal.
You visited 1 branch of the dungeon, and saw 5 of its levels.

You collected 253 gold pieces.


Innate Abilities, Weirdness & Mutations

You are immune to sickness and miasma.
Your stone body is resilient. (AC +5)
You are immune to poison.
You resist negative energy. (rN+)
You are resistant to electric shocks. (rElec)
You are resistant to unholy torment.
You are immune to petrification.


   Skills:
 - Level 5.0(10.0) Fighting
 + Level 8.6(13.6) Ranged Weapons
 - Level 1.5(6.5) Armour
 - Level 1.5(6.5) Dodging
 - Level 1.0 Spellcasting
 - Level 2.6 Hexes
 - Level 1.0 Invocations


You had 8 spell levels left.
You knew the following spells:

 Your Spells              Type           Power      Damage    Failure   Level
a - Slow                  Hex            32%        N/A       17%         1

Your spell library contained the following spells:

 Spells                   Type           Power      Damage    Failure   Level
 Inner Flame              Hex/Fire       4%         N/A       65%         3
 Portal Projectile        Hex/Tloc       8%         N/A       65%         3
 Cause Fear               Hex            4%         N/A       86%         4

Inventory:

Hand Weapons
 Y - a +2 sling of draining (weapon)
Armour
 i - a +0 ring mail (worn)
 m - a +0 pair of boots
 n - a +0 cloak
Jewellery
 k - a ring of willpower
Scrolls
 g - 2 scrolls of identify
Potions
 a - a potion of haste
 c - a potion of invisibility {unknown}
 d - a potion of cancellation
 e - a potion of mutation {unknown}
 f - a potion of ambrosia {unknown}
 h - a potion of brilliance {unknown}
 j - a potion of heal wounds {unknown}
 l - a potion of resistance {unknown}

Dungeon Overview and Level Annotations

Branches:
Dungeon (5/15)
 Temple: D:4-7

Altars:
Nemelex Xobeh
Okawaru
Trog

Shops:
D:1 (   D:4 :


Message History

You can no longer gain great but temporary skills.
The killer bee completely misses you. The killer bee stings you. x2
You shoot a sling bullet. The sling bullet hits the killer bee.
The killer bee is severely wounded.
The killer bee stings you. The killer bee stings you!
The killer bee stings you but does no damage.
You shoot a sling bullet.
The sling bullet closely misses the killer bee.
The killer bee misses you.
The killer bee stings you but does no damage.
The killer bee closely misses you. The killer bee barely misses you.
The killer bee misses you. The killer bee closely misses you.
You shoot a sling bullet.
The sling bullet closely misses the killer bee.
The killer bee stings you but does no damage.
The killer bee barely misses you.
The killer bee stings you but does no damage.
The killer bee misses you.
The killer bee stings you but does no damage.
The killer bee misses you.
You shoot a sling bullet. The sling bullet hits the killer bee!
You kill the killer bee!
Okawaru accepts your kill.
The killer bee stings you but does no damage.
The killer bee barely misses you.
You shoot a sling bullet.
The sling bullet closely misses the killer bee.
The killer bee stings you but does no damage. x2
The killer bee misses you. The killer bee barely misses you.
The killer bee completely misses you. The killer bee stings you.
3595 ||| READING scroll of teleportation.
As you read the scroll of teleportation, it crumbles to dust.
You feel strangely unstable. The killer bee closely misses you.
The killer bee barely misses you. x2
The killer bee stings you. The killer bee barely misses you. x2
You shoot a sling bullet. The sling bullet hits the killer bee.
The killer bee is lightly wounded.
The killer bee stings you but does no damage.
The killer bee stings you.
You die...

.. #.. #...
#....
##.....
##yy.....
##@y#
##.y#y.....
##..##
.....
##..## ....
##..## ...
##...# ..
###....## .
#.......#
#.......#


You could see 5 killer bees.

Vanquished Creatures
  A water moccasin (D:5)
  A black bear (D:4)
  2 phantoms
  2 scorpions (D:4)
  A killer bee (D:5)
  7 hounds
  A jelly (D:5)
  4 orc priests
  A gnoll bouda (D:4)
  An iguana (D:4)
  2 orc wizards
  Natasha (twice) (D:2)
  4 gnolls (D:4)
  3 adders
  A worm (D:2)
  3 dart slugs
  14 orcs
  6 ball pythons
  5 bats
  7 endoplasms
  2 giant cockroaches
  11 goblins
  14 hobgoblins
  7 jackals
  3 kobolds
  3 quokkas
  4 frilled lizards
  7 rats
119 creatures vanquished.

Notes
Turn   | Place    | Note
-------+----------+-------------------------------------------
     0 | D:1      | qw the Gargoyle Hexslinger began the quest for the Orb.
     0 | D:1      | Reached XP level 1. HP: 12/12 MP: 2/2
     0 | D:1      | 0 ||| qw: Version: 0.3-a-24-g62f9e04
     0 | D:1      | 0 ||| qw: Game counter: 6663
     0 | D:1      | 0 ||| qw: Melee chars always use a shield: true
     0 | D:1      | 0 ||| qw: God list: Okawaru
     0 | D:1      | 0 ||| qw: Allow faded altars: false
     0 | D:1      | 0 ||| qw: Do Orc after clearing Dungeon:15 true
     0 | D:1      | 0 ||| qw: Do second Lair branch before Depths: true
     0 | D:1      | 0 ||| qw: Lair rune preference: random
     0 | D:1      | 0 ||| qw: Goals: Normal
     0 | D:1      | 0 ||| PLANNING D:1-11
    59 | D:1      | 59 ||| UPGRADING to +0 leather armour.
   101 | D:1      | 101 ||| DROPPING +0 robe.
   139 | D:1      | Reached XP level 2. HP: 16/16 MP: 3/3
   153 | D:1      | Found Feojat's Antique Weapon Shop.
   159 | D:1      | 159 ||| DROPPING scroll of poison.
   215 | D:1      | Reached skill level 3 in Ranged Weapons
   385 | D:1      | Reached XP level 3. HP: 21/21 MP: 4/4
   497 | D:1      | 497 ||| SWAPPING to +2 sling of draining.
   498 | D:1      | 498 ||| DROPPING +1 sling.
   629 | D:1      | 629 ||| READING scroll labelled QAMAZYOMISO.
   630 | D:1      | 630 ||| READING scroll labelled INAOQAV BYISODGHU.
   821 | D:2      | Found a faded altar of an unknown god.
   821 | D:2      | Noticed a great orb of eyes
   822 | D:2      | 822 ||| READING 3 scrolls labelled CECRAMIMEA.
   823 | D:2      | 823 ||| READING scroll labelled ROMUOM ZAZE.
   976 | D:2      | Noticed Natasha
   981 | D:2      | Killed Natasha
   982 | D:2      | Reached skill level 4 in Ranged Weapons
   982 | D:2      | Reached XP level 4. HP: 16/26 MP: 5/5
  1166 | D:2      | 1166 ||| UPGRADING to +0 ring mail.
  1176 | D:2      | 1176 ||| DROPPING +0 leather armour.
  1178 | D:2      | Noticed Natasha
  1179 | D:2      | 1179 ||| READING scroll labelled TERRON IFOESAUL.
  1188 | D:2      | Killed Natasha
  1189 | D:2      | Reached skill level 1 in Armour
  1224 | D:2      | Noticed a floating eye
  1230 | D:2      | Noticed an eye of devastation
  1233 | D:2      | Noticed a floating eye
  1432 | D:2      | 1432 ||| DROPPING 2 scrolls of fog.
  1476 | D:3      | Found a bloodstained altar of Trog.
  1481 | D:3      | Reached XP level 5. HP: 30/30 MP: 6/6
  1733 | D:3      | You fall into a shaft and drop 2 floors!
  1733 | D:5      | Entered Level 5 of the Dungeon
  1816 | D:5      | Reached skill level 5 in Ranged Weapons
  1847 | D:5      | Noticed a water moccasin
  1866 | D:5      | Killed a water moccasin
  1867 | D:5      | Reached skill level 3 in Fighting
  1867 | D:5      | Reached XP level 6. HP: 16/38 MP: 7/7
  2104 | D:5      | 2104 ||| DRINKING 2 lumpy black potions.
  2105 | D:5      | 2105 ||| READING 2 scrolls of identify.
  2105 | D:5      | 2105 ||| IDENTIFYING dark potion
  2111 | D:5      | 2111 ||| FLEEEEING.
  2112 | D:5      | 2112 ||| FLEEEEING.
  2113 | D:5      | 2113 ||| STAIRDANCE
  2202 | D:3      | Reached skill level 6 in Ranged Weapons
  2210 | D:3      | Reached XP level 7. HP: 22/43 MP: 8/8
  2220 | D:3      | 2220 ||| FLEEEEING.
  2221 | D:3      | 2221 ||| FLEEEEING.
  2222 | D:3      | 2222 ||| FLEEEEING.
  2223 | D:3      | 2223 ||| FLEEEEING.
  2224 | D:3      | 2224 ||| FLEEEEING.
  2383 | D:3      | Found a sparkling altar of Nemelex Xobeh.
  2456 | D:3      | 2456 ||| READING 2 scrolls of identify.
  2456 | D:3      | 2456 ||| IDENTIFYING smoky puce potion
  2457 | D:3      | 2457 ||| DROPPING potion of degeneration.
  2599 | D:4      | Found an iron altar of Okawaru.
  2600 | D:4      | 2600 ||| PLANNING OKAWARU WORSHIP
  2600 | D:4      | 2600 ||| DROPPING ring of magical power.
  2601 | D:4      | 2601 ||| DROPPING +6 ring of intelligence.
  2618 | D:4      | Reached skill level 7 in Ranged Weapons
  2665 | D:4      | Became a worshipper of Warmaster Okawaru
  2666 | D:4      | 2666 ||| PLANNING D:1-11
  2713 | D:4      | Found Bech's Self-Improvement Boutique.
  2971 | D:4      | Reached skill level 8 in Ranged Weapons
  2971 | D:4      | Reached XP level 8. HP: 48/48 MP: 9/9
  3160 | D:4      | 3160 ||| READING scroll labelled ENGEUQ MULEBBU.
  3362 | D:5      | Reached * piety under Okawaru
  3458 | D:5      | Reached skill level 1 in Invocations
  3589 | D:5      | 3589 ||| INVOKING Heroism.
  3594 | D:5      | HP: 10/49 [killer bee (6)]
  3595 | D:5      | 3595 ||| READING scroll of teleportation.
  3596 | D:5      | Slain by a killer bee

Levels and vault maps discovered:
D:1:      dreamdust_arrival_beginning_and_end, layout_loops_ring, serial_shops,
          shop, serial_glass, glass_columns_a, glass_columns_c, nicolae_titane
D:2:      layout_loops_cross, hellmonk_ecumenical_altar_watching_god,
          uniq_natasha
D:3:      cheibrodos_pilgrimage, layout_loops_ring, lemuel_crystal_altar,
          mainiacjoe_overflow_chevrons
D:4:      layout_loops_ring, okawaru_metal_pillars_1_2, minmay_liquid_box,
          nicolae_shop_self_help
D:5:      layout_cave_pods, minmay_temple_entry_butterflies, minivault_24,
          minmay_misc_feat_five, chequers_avenue

Skill      XL: |  1  2  3  4  5  6  7  8 |
---------------+-------------------------+-----
Ranged Weapons | 3 4 5 6 8 |  8.6
Fighting       | 2 3 4 5 |  5.0
Armour         | 1 |  1.5
Invocations    | 1 |  1.0
Dodging        | |  1.5
Spellcasting   | |  1.0
Hexes          | |  2.6

Action                     |  1- 3 |  4- 6 |  7- 9 || total
---------------------------+-------+-------+-------++-------
   Fire: Sling             |   115 |   136 |   174 ||   425
 Invoke: Heroism           |       |       |     1 ||     1
    Use: Scroll            |     4 |     2 |     3 ||     9
         Potion            |       |     1 |       ||     1
 Armour: Leather armour    |    29 |       |       ||    29
         Robe              |     2 |       |       ||     2
         Skin              |     1 |       |       ||     1
         Ring mail         |       |    40 |    88 ||   128
  Dodge: Dodged            |    40 |    42 |    74 ||   156

Table legend:
 A = Non-vault XP
 B = Vault XP
 C = Vault XP percentage of total XP
 D = Non-vault monster count
 E = Vault monster count
 F = Vault count percentage of total count
                 A         B        C        D         E       F
            +---------+---------+-------+---------+---------+-------
      Total |    1539 |     166 |   9.7 |     111 |       8 |   6.7
            +---------+---------+-------+---------+---------+-------
        D:1 |      48 |       0 |   0.0 |      27 |       0 |   0.0
        D:2 |      80 |      35 |  30.4 |      20 |       1 |   4.8
        D:3 |      41 |     131 |  76.2 |      14 |       7 |  33.3
        D:4 |     622 |       0 |   0.0 |      29 |       0 |   0.0
        D:5 |     748 |       0 |   0.0 |      21 |       0 |   0.0
            +---------+---------+-------+---------+---------+-------
